AoeStats
← Mr. Penis

Nomad

503581771Analyzed
4v4 RM · 1mo ago on Sep 1, 2026· 35m 28s· 8 players
Game mode
Random Map
Map size
231×231
Population
200
Speed
Normal
Resources
Standard
Victory
Conquest
Starting age
Dark Age
Ending age
Imperial Age
RankedLock teamsTeams togetherTeam positionsShared explorationLock speedFull tech treeHidden civsTurbo modeCheats
Victory
Defeat
🇨🇳 Mongols · China
1246
+17
🇩🇪 Vietnamese · Germany
1239
+17
1236
+17
🇧🇩 Saracens · Bangladesh
1217
+18
🇨🇳 Saracens · China
1311
-19
🇹🇼 Magyars · Taiwan
1296
-19
🇷🇺 Jurchens · Russia
1229
-16
🇨🇳 Japanese · China
1206
-15
Marneus
5:19 Loom
14:19 Feudal Age
19:44 Castle Age
18:20 Double-Bit Axe
19:17 Fletching
20:00 Scale Barding Armor
21:12 Bow Saw
20:45 Horse Collar
22:30 Wheelbarrow
24:07 Hand Cart
23:37 Town Watch
31:10 Ballistics
33:31 Imperial Age
31:16 Town Patrol
31:36 Bodkin Arrow
31:41 Padded Archer Armor
34:10 Chain Barding Armor
33:50 Padded Archer Armor
33:58 Thumb Ring
33:13 Crossbowman
33:16 Elite Skirmisher
33:46 Treadmill Crane
33:49 Spies/Treason
35:23 Medium Warships
_Orca_
3:21 Loom
14:07 Feudal Age
15:12 Fishing Lines
15:29 Double-Bit Axe
18:01 Castle Age
16:16 Gold Mining
17:14 Fletching
18:12 Crossbowman
19:13 Bodkin Arrow
20:17 Padded Archer Armor
21:59 Leather Archer Armor
24:46 Ballistics
25:13 Town Watch
27:32 Wheelbarrow
28:05 Stone Mining
32:36 Imperial Age
31:29 Hand Cart
32:41 Arbalester
33:27 Bracer
34:36 Gillnets
35:35 Ring Archer Armor
36:12 Conscription
35:18 Spies/Treason
伐伐伐伐伐木工
4:52 Loom
14:03 Feudal Age
19:59 Castle Age
19:29 Stone Mining
26:18 Town Watch
27:08 Wheelbarrow
31:53 Double-Bit Axe
31:51 Horse Collar
33:02 Gold Mining
ABCDE
5:15 Loom
13:46 Feudal Age
17:29 Castle Age
15:18 Double-Bit Axe
17:56 Wheelbarrow
18:05 Scale Barding Armor
18:40 Bow Saw
20:46 Horse Collar
22:00 Heavy Plow
26:06 Town Watch
27:20 Bloodlines
27:46 Forging
29:31 Chain Barding Armor
29:41 Gold Mining
31:23 Gold Shaft Mining
30:40 Stone Mining
35:38 Imperial Age
34:00 Medium Warships
34:06 Fletching
34:16 Padded Archer Armor
34:41 Ballistics
34:36 Clinker Construction
35:15 Hand Cart
35:02 Town Patrol
35:01 Bodkin Arrow
35:22 Leather Archer Armor
35:36 Husbandry
smallpox04
4:22 Loom
15:02 Feudal Age
16:02 Fishing Lines
16:29 Fletching
22:08 Castle Age
21:04 Double-Bit Axe
22:58 Bodkin Arrow
来点孜然吗
14:27 Loom
17:32 Feudal Age
19:41 Double-Bit Axe
Mr. Penis
15:31 Feudal Age
20:26 Castle Age
18:13 Loom
23:50 Double-Bit Axe
mydogqmi
6:52 Loom
15:30 Feudal Age
21:40 Castle Age
20:28 Bloodlines
22:29 Light Cavalry
Connection lost

Rejoining the realm…

Still unreachable

The connection could not be restored.

Session expired

The server has moved on; the page needs a fresh start.